 Dungeon Crawl Stone Soup version 0.28.0 (webtiles) character file.

Game seed: 3274351107708984935

64023 Kaptain the Earth Mage (level 15, -1/91 HPs)
             Began as a Gargoyle Earth Elementalist on Feb 8, 2022.
             Killed from afar by Azrael (14 damage)
             ... with a bolt of fire
             ... on level 2 of the Orcish Mines.
             The game lasted 01:16:27 (23990 turns).

Kaptain the Earth Mage (GrEE)                      Turns: 23990, Time: 01:16:28

Health: -1/91      AC: 21    Str: 13    XL:     15   Next: 11%
Magic:  20/30      EV: 14    Int: 28    God:
Gold:   1569       SH:  0    Dex: 12    Spells: 22/37 levels left

rFire   . . .      SeeInvis .   h - +1 trident (venom)
rCold   + . .      Faith    .   (no shield)
rNeg    + . .      Spirit   .   Q - +0 troll leather armour
rPois   ∞          Reflect  .   P - +0 helmet
rElec   +          Harm     .   (no cloak)
rCorr   .          Rampage  .   u - +1 pair of gloves
Will    +....                   r - +0 pair of boots "Xethy" {rElec Dex+2}
Stlth   ++++......              a - amulet of magic regeneration
HPRegen 1.05/turn               D - ring of protection from cold
MPRegen 0.62/turn               s - +6 ring of intelligence

@: flying
A: sickness immunity, AC +11, big wings, negative energy resistance 1,
electricity resistance, torment resistance 1, petrification resistance
a: no special abilities


You were on level 2 of the Orcish Mines.
You visited 4 branches of the dungeon, and saw 20 of its levels.

You collected 1989 gold pieces.
You spent 420 gold pieces at shops.

Inventory:

Hand Weapons
 h - a +1 trident of venom (weapon)
 i - a +2 dagger of venom
 G - a +0 short sword of venom
 T - a +3 scimitar of flaming
Missiles
 b - 164 stones
 o - 23 poisoned darts
 N - 3 atropa-tipped darts
 U - 3 curare-tipped darts
Armour
 d - a +1 leather armour of positive energy
 g - an orb of light
 r - the +0 pair of boots "Xethy" (worn) {rElec Dex+2}
   (You found it on level 3 of the Dungeon)

   Dex:       It affects your dexterity (+2).
   rElec:     It insulates you from electricity.
 u - a +1 pair of gloves (worn)
 F - +0 ice dragon scales
 P - a +0 helmet (worn)
 Q - a +0 troll leather armour (worn)
 S - +0 acid dragon scales
Magical Staves
 e - a staff of conjuration
 j - a staff of earth
 V - a staff of air
Jewellery
 a - an amulet of magic regeneration (around neck)
 s - a +6 ring of intelligence (right hand)
 D - a ring of protection from cold (left hand)
 K - a ring of protection from cold
 Z - a ring of willpower
Wands
 v - a wand of iceblast (9)
 A - a wand of acid (13)
 C - a wand of mindburst (26)
Scrolls
 c - 3 scrolls of enchant armour
 k - 3 scrolls of fog
 w - 5 scrolls of fear
 x - 2 scrolls of amnesia
 y - 4 scrolls of blinking
 E - a scroll of immolation
 M - 5 scrolls of identify
 W - 3 scrolls of brand weapon
 Y - a scroll of summoning
Potions
 f - 2 potions of invisibility
 m - 6 potions of lignification
 n - 2 potions of ambrosia
 q - 2 potions of brilliance
 t - 2 potions of magic
 B - a potion of curing
 H - a potion of might
 I - a potion of haste
 J - 5 potions of mutation
 L - 3 potions of cancellation
 O - 3 potions of resistance
Miscellaneous
 p - a condenser vane


   Skills:
 + Level 9.6 Fighting
 + Level 8.0 Armour
 + Level 6.4 Dodging
 + Level 9.0 Stealth
 * Level 11.6 Spellcasting
 * Level 13.1 Conjurations
 - Level 0.7 Transmutations
 + Level 6.1 Fire Magic
 * Level 15.0 Earth Magic


You had 22 spell levels left.
You knew the following spells:

 Your Spells              Type           Power      Damage    Failure   Level
a - Sandblast             Erth           100%       2d20      0%          1
b - Stone Arrow           Conj/Erth      100%       3d13      1%          3
c - Swiftness             Air            16%        N/A       13%         3
d - Fireball              Conj/Fire      31%        3d13      2%          5
e - Mephitic Cloud        Conj/Pois/Air  40%        N/A       1%          3

Your spell library contained the following spells:

 Spells                   Type           Power      Damage    Failure   Level
 Magic Dart               Conj           100%       1d8       1%          1
 Shock                    Conj/Air       100%       1d9       1%          1
 Passwall                 Tmut/Erth      47%        N/A       1%          2
 Scorch                   Fire           100%       2d10      1%          2
 Flame Wave               Conj/Fire      63%        2d12      1%          4
 Petrify                  Tmut/Erth      57%        N/A       1%          4
 Sting                    Tmut/Pois      72%        1d6       3%          1
 Inner Flame              Hex/Fire       33%        N/A       3%          3
 Call Imp                 Summ           16%        N/A       6%          2
 Corpse Rot               Necr/Air       32%        N/A       6%          2
 Poisonous Vapours        Pois/Air       32%        N/A       6%          2
 Confusing Touch          Hex            16%        N/A       13%         3
 Frozen Ramparts          Ice            32%        1d5       13%         3
 Freezing Cloud           Conj/Ice/Air   20%        6-21      19%         5
 Ice Form                 Ice/Tmut       18%        N/A       34%         4
 Airstrike                Air            8%         N/A       38%         4
 Olgreb's Toxic Radiance  Pois           16%        N/A       38%         4
 Summon Ice Beast         Ice/Summ       16%        N/A       38%         4
 Yara's Violent Unravell  Hex/Tmut       9%         3d6       69%         5
 Simulacrum               Ice/Necr       8%         N/A       100%        6
 Summon Cactus Giant      Summ           8%         N/A       100%        6
 Enfeeble                 Hex            8%         N/A       100%        7
 Borgnjor's Revivificati  Necr           8%         N/A       100%        8
 Necromutation            Tmut/Necr      9%         N/A       100%        8
 Death's Door             Necr           8%         N/A       100%        9
 Polar Vortex             Ice            8%         N/A       100%        9


Dungeon Overview and Level Annotations

Branches:
Dungeon (11/15)            Temple (1/1) D:6            Lair (6/6) D:8
 Shoals (0/4) Lair:2       Spider (0/4) Lair:3        Slime (0/5) Lair:5
    Orc (2/2) D:9             Elf (0/3) Orc:2

Altars:
Ashenzari
Cheibriados
Dithmenos
Elyvilon
Fedhas
Gozag
Hepliaklqana
Kikubaaqudgha
Makhleb
Nemelex Xobeh
Okawaru
Qazlal
Ru
Sif Muna
Trog
Uskayaw
Vehumet
Wu Jian
Xom
Yredelemnul
Zin
The Shining One
Beogh
Jiyva

Shops:
D:1 ?   D:3 (   D:7 **   Orc:2 :((

Annotations:
Orc:2 Azrael


Innate Abilities, Weirdness & Mutations

You are immune to sickness and miasma.
Your stone body is resilient. (AC +11)
You are immune to poison.
Your large and strong wings let you fly.
You resist negative energy. (rN+)
You are resistant to electric shocks. (rElec)
You are resistant to unholy torment.
You are immune to petrification.


Message History

Aim: Azrael, wielding a +0 scimitar of flaming (moderately wounded)
The mass of ice explodes!
The iceblast engulfs Azrael.
Azrael is frozen!
Azrael is moderately wounded.
You hear a bark! x3
Azrael gestures at you.
The bolt of fire hits you but does no damage.
Aiming: Iceblast
Press: ? - help, Shift-Dir - straight line, f/p - Azrael
Aim: Azrael, wielding a +0 scimitar of flaming (moderately wounded)
The mass of ice explodes!
The iceblast engulfs Azrael!!
Azrael is frozen!
Azrael is heavily wounded.
You hear a bark!
Unknown command.
Aiming: Iceblast
Press: ? - help, Shift-Dir - straight line, p - Azrael The mass of ice explodes!
The iceblast engulfs the hell hound!
The hell hound is frozen!
The hell hound is heavily wounded.
The hell hound barks!
The iceblast engulfs Azrael!
Azrael is frozen!
Azrael is severely wounded.
Azrael gestures at you.
The sphere of damnation explodes!
The damnation engulfs you!!
Aiming: Iceblast
Press: ? - help, Shift-Dir - straight line, f - hell hound
Aim: a hell hound (heavily wounded)
The mass of ice explodes!
The iceblast engulfs the hell hound!!
The hell hound is frozen!
You kill the hell hound!
The iceblast engulfs Azrael!!
Azrael is frozen!
Azrael is almost dead.
You hear a shout!
Azrael gestures at you.
The sphere of damnation explodes!
The damnation engulfs you!!
* * * LOW HITPOINT WARNING * * *
You hear a bark! x2
You feel better. Azrael gestures at you. The bolt of fire hits you!
You die...

.#.#...................[[.....#.#
...).............##..............
.................................
###..######......................
# #..#...∩#......................
###..#....#..................[[.)
.....#)†).#..○†.)............[.[.
.....##'###°.#R.................[
.⌠..h.)))))...##@................
.....##)###......................
###○.#...o#...........[........[.
. #..#.ooo#.................[....
. #..#..oo#...#.#....#..........[
#..#..o∩#...##....#............
###..######....##..#......#[..#..
..............######.....#.....#.
..............# ##............###


You could see Azrael.

Vanquished Creatures
  An azure jelly (Lair:5)
  An orc warlord (Orc:2)
  The ghost of kalagan the Thaumaturge, a journeyman DECj of Sif Muna (Lair:6)
  2 boulder beetles
  A catoblepas (Lair:4)
  10 hydras
  7 death yaks
  A two-headed ogre (D:8)
  Erica (D:11)
  A goliath frog (Lair:6)
  A wizard (D:11)
  A lindwurm (Lair:3)
  5 orc sorcerers (Orc:2)
  3 manticores
  9 elephants
  Joseph (D:8)
  8 black mambas
  20 cane toads
  A gargoyle (D:10)
  A torpor snail (Lair:5)
  A rime drake (Lair:4)
  8 komodo dragons
  2 trolls
  3 tyrant leeches
  A polar bear (Lair:1)
  A wind drake (Lair:2)
  3 dream sheep
  35 blink frogs
  Sigmund (D:6)
  3 wraiths
  A vampire (D:6)
  49 yaks
  3 wyverns
  2 fire bats (Lair:5)
  9 vampire mosquitoes
  5 basilisks
  3 steam dragons
  9 wargs
  2 redbacks (Lair:3)
  2 acid dragons
  3 hell hounds (Orc:2)
  A sky beast (D:5)
  20 water moccasins
  An ice beast (D:6)
  2 black bears
  9 orc warriors
  5 ogres
  2 necrophages (D:5)
  9 wolves
  A centaur (D:6)
  A kobold brigand (D:4)
  20 bullfrogs
  2 gnoll sergeants
  A scorpion (D:5)
  5 killer bees (D:10)
  An electric eel (Lair:6)
  4 wights (D:9)
  A crimson imp (D:11)
  5 centaur zombies
  A bullfrog skeleton (D:6)
  A hound (D:6)
  2 jellies
  4 orc priests
  A gnoll shaman (D:5)
  26 orc wizards
  A scorpion zombie (D:5)
  2 iguanas (D:5)
  13 hell rats
  A killer bee zombie (D:9)
  2 howler monkey zombies
  7 adders
  19 gnolls
  2 howler monkey skeletons
  5 river rats (Lair:5)
  A shadow imp (D:7)
  A dart slug (D:5)
  2 worms (D:2)
  66 orcs
  5 ball pythons
  4 bats
  5 endoplasms
  5 giant cockroaches
  5 hobgoblins
  2 jackals (D:1)
  5 quokkas
  8 frilled lizards
  2 goblins (D:4)
  10 kobolds
  12 rats
532 creatures vanquished.

Vanquished Creatures (others)
  A gnoll (D:10)
  61 fungi
  118 plants
180 creatures vanquished.

Grand Total: 712 creatures vanquished

Notes
Turn   | Place    | Note
-------+----------+-------------------------------------------
     0 | D:1      | Kaptain the Gargoyle Earth Elementalist began the quest for
                  | the Orb.
     0 | D:1      | Reached XP level 1. HP: 10/10 MP: 3/3
   213 | D:1      | Reached XP level 2. HP: 16/16 MP: 3/5
   357 | D:1      | Found Fadum's Magic Scroll Emporium.
   468 | D:1      | You fall into a shaft and drop 1 floor!
   613 | D:2      | Reached skill level 4 in Earth Magic
   613 | D:2      | Reached XP level 3. HP: 14/20 MP: 1/6
   826 | D:2      | Learned a level 3 spell: Stone Arrow
   932 | D:2      | Reached skill level 1 in Fighting
   932 | D:2      | Reached skill level 1 in Armour
  1158 | D:2      | Found a shadowy altar of Dithmenos.
  1360 | D:3      | Found a white marble altar of Elyvilon.
  1361 | D:3      | Found a glowing golden altar of the Shining One.
  1363 | D:3      | Found a sparkling altar of Nemelex Xobeh.
  1561 | D:3      | Reached XP level 4. HP: 25/25 MP: 5/7
  1655 | D:3      | Found Moisut's Antique Weapon Emporium.
  2286 | D:3      | Found a glowing silver altar of Zin.
  2286 | D:3      | Found an opulent altar of Gozag.
  2291 | D:3      | Identified the +0 pair of boots "Xethy" {rElec Dex+2}
  2440 | D:4      | Reached skill level 1 in Conjurations
  2635 | D:4      | Noticed an ogre
  2638 | D:4      | Killed an ogre
  2639 | D:4      | Reached XP level 5. HP: 29/29 MP: 2/9
  3180 | D:4      | Reached XP level 6. HP: 35/35 MP: 3/10
  3398 | D:4      | Reached skill level 5 in Earth Magic
  3748 | D:5      | Entered Level 5 of the Dungeon
  3865 | D:5      | Reached skill level 5 in Fighting
  3865 | D:5      | Reached skill level 9 in Earth Magic
  3865 | D:5      | Reached XP level 7. HP: 44/44 MP: 11/17
  4055 | D:5      | Reached XP level 8. HP: 50/50 MP: 11/18
  4289 | D:5      | Found a stormy altar of Qazlal.
  4560 | D:5      | Found a snail-covered altar of Cheibriados.
  5194 | D:6      | Noticed a vampire
  5196 | D:6      | Found a staircase to the Ecumenical Temple.
  5198 | D:6      | Killed a vampire
  5305 | Temple   | Entered the Ecumenical Temple
  5636 | D:6      | Noticed Sigmund
  5641 | D:6      | Killed Sigmund
  5642 | D:6      | Reached XP level 9. HP: 50/55 MP: 13/19
  6063 | D:6      | Reached skill level 10 in Earth Magic
  7095 | D:7      | Found Gosel's Lightly-Used Armoury.
  7119 | D:7      | Found Keneuk's Fire Supplies.
  7420 | D:8      | Noticed Joseph
  7548 | D:8      | Killed Joseph
  7708 | D:8      | Noticed a two-headed ogre
  7713 | D:8      | Reached XP level 10. HP: 60/60 MP: 17/21
  7944 | D:8      | Identified the +3 robe "Yhuzxuec" {rElec rC- Slay+3}
  7967 | D:8      | Killed a two-headed ogre
  8213 | D:8      | Found a staircase to the Lair.
  8435 | Lair:1   | Entered Level 1 of the Lair of Beasts
  8445 | Lair:1   | Noticed a black mamba
  8452 | Lair:1   | Killed a black mamba
  8480 | Lair:1   | Noticed a cane toad
  8490 | Lair:1   | Killed a cane toad
  8491 | Lair:1   | Reached skill level 5 in Stealth
  8635 | Lair:1   | Noticed a black mamba
  8659 | Lair:1   | Killed a black mamba
  8660 | Lair:1   | Reached skill level 11 in Earth Magic
  8892 | Lair:1   | Reached XP level 11. HP: 66/66 MP: 19/23
  8911 | Lair:1   | Noticed a four-headed hydra
  8916 | Lair:1   | Killed a four-headed hydra
  8985 | Lair:1   | Noticed an eight-headed hydra
  8992 | Lair:1   | Killed an eight-headed hydra
  9499 | Lair:1   | Learned a level 3 spell: Swiftness
  9901 | Lair:2   | Noticed a manticore
  9909 | Lair:2   | Killed a manticore
 10084 | Lair:2   | Found a staircase to the Shoals.
 10238 | D:7      | Bought the Incunabulum of Fire for 420 gold pieces
 10244 | D:7      | Learned a level 5 spell: Fireball
 10670 | Lair:2   | Reached skill level 10 in Conjurations
 10675 | Lair:2   | Reached skill level 1 in Fire Magic
 10679 | Lair:2   | Reached skill level 5 in Armour
 10996 | Lair:3   | Noticed a seven-headed hydra
 11004 | Lair:3   | Killed a seven-headed hydra
 11142 | Lair:3   | Noticed a four-headed hydra
 11148 | Lair:3   | Killed a four-headed hydra
 11204 | Lair:3   | Reached XP level 12. HP: 52/72 MP: 18/25
 11363 | Lair:3   | Reached skill level 12 in Earth Magic
 11662 | Lair:3   | Found a hole to the Spider Nest.
 12516 | Lair:3   | Noticed a death yak
 12825 | Lair:3   | Found a shadowy altar of Dithmenos.
 13175 | Lair:4   | Noticed a six-headed hydra
 13181 | Lair:4   | Killed a six-headed hydra
 13821 | Lair:4   | Noticed a boulder beetle
 13881 | Lair:3   | Killed a death yak
 14102 | Lair:3   | Reached skill level 5 in Dodging
 14367 | Lair:4   | Reached XP level 13. HP: 66/78 MP: 11/26
 14751 | Lair:5   | Reached skill level 10 in Spellcasting
 14751 | Lair:5   | Reached skill level 13 in Earth Magic
 15550 | D:10     | Entered Level 10 of the Dungeon
 16189 | D:9      | Found an ornate altar of the Wu Jian Council.
 16899 | D:9      | Found a staircase to the Orcish Mines.
 17079 | Orc:1    | Entered Level 1 of the Orcish Mines
 17460 | Orc:2    | Entered Level 2 of the Orcish Mines
 17490 | Orc:2    | Noticed Azrael
 17613 | Orc:2    | Noticed an orc warlord
 17847 | D:10     | Found a basalt altar of Yredelemnul.
 18557 | D:11     | Noticed Erica
 18571 | D:11     | Killed Erica
 19647 | Lair:5   | Learned a level 3 spell: Mephitic Cloud
 20052 | Lair:5   | Reached skill level 5 in Fire Magic
 20078 | Lair:5   | Gained mutation: Your large and strong wings let you fly.
                  | [Gargoyle growth]
 20078 | Lair:5   | Reached XP level 14. HP: 84/84 MP: 12/28
 20346 | Lair:5   | Found a runed translucent door.
 20346 | Lair:5   | Found a viscous altar of Jiyva.
 20346 | Lair:5   | Noticed an azure jelly
 20363 | Lair:5   | Found a staircase to the Slime Pits.
 20377 | Lair:5   | Killed an azure jelly
 20378 | Lair:5   | Reached skill level 14 in Earth Magic
 20985 | Lair:6   | Entered Level 6 of the Lair of Beasts
 21364 | Lair:6   | Noticed kalagan's ghost (journeyman DECj)
 21517 | Lair:6   | Found a runed translucent door.
 21644 | Lair:6   | Killed kalagan's ghost
 23394 | Orc:2    | Killed an orc warlord
 23395 | Orc:2    | Reached XP level 15. HP: 43/91 MP: 14/30
 23460 | Orc:2    | Found Geguetio's Self-Improvement Boutique.
 23467 | Orc:2    | Found a staircase to the Elven Halls.
 23869 | Orc:2    | Reached skill level 15 in Earth Magic
 23930 | Orc:2    | Found Duexul's Weapon Emporium.
 23941 | Orc:2    | Found Otoup's Antique Weapon Shop.
 23990 | Orc:2    | Killed from afar by Azrael

Illustrated notes

Levels and vault maps discovered:
D:1:      denvon_arrival_waterhouse, layout_rooms, serial_shops, shop_statue,
          hellmonk_ecumenical_altar_pennies_from_heaven
D:2:      layout_loops_cross, basic_altar
D:3:      layout_loops_ring, grunt_temple_overflow_gold_and_silver,
          gammafunk_temple_overflow_forgotten, serial_shops, shop_coins,
          lexackson_kobold_supper
D:4:      layout_loops_ring, hangedman_decor_slide_cut
D:5:      layout_basic, grunt_qazlal_clouds, minmay_ruined_shrine
D:6:      layout_loops_ring, minmay_temple_entry_junction_2, uniq_sigmund
D:7:      kennysheep_steamy, layout_basic, minmay_shop_damaged,
          nicolae_shop_fire_sale [nicolae_sub_dead_trees]
D:8:      layout_loops_ring, david_lair_shrubbed, uniq_joseph
D:9:      layout_layer_cave, kennysheep_mini, minmay_orc_entry_guard_dogs
D:10:     layout_roguey, amcnicky_altar_gilded, grunt_decor_junction
D:11:     layout_gridville, serial_rivers, chequers_serial_rivers_marsh,
          chequers_serial_rivers_small_3, chequers_serial_rivers_micro_e,
          chequers_serial_rivers_micro_e, lightli_wizard_tower, uniq_erica
Temple:   minmay_temple_curvy_branch
Lair:1:   layout_chaotic_city
Lair:2:   layout_loops_ring, minmay_shoals_entry_beasts
Lair:3:   layout_roguey, spider_nest_entry_webs, basic_altar,
          hangedman_lair_generics_rect, lemuel_fruit_fields
Lair:4:   layout_cave_shapes
Lair:5:   nzn_winding_woodlands_medium [nzn_winding_woodlands_5x5_three,
          nzn_winding_woodlands_5x15_jagged,
          nzn_winding_woodlands_5x5_perimeter, nzn_winding_woodlands_5x5_cross,
          nzn_winding_woodlands_center_pierced_h,
          nzn_winding_woodlands_5x5_checkerboard,
          nzn_winding_woodlands_5x5_closed_star,
          nzn_winding_woodlands_5x15_parted,
          nzn_winding_woodlands_5x5_open_star], layout_gridlike, slime_altar_2,
          kennysheep_abandoned_house
Lair:6:   minmay_lair_end_frog_pond, layout_loops_ring,
          hellmonk_ghost_happy_afterlife, lemuel_fruit_tree
Orc:1:    layout_caves
Orc:2:    st_orc_town, layout_caves, nicolae_shop_self_help, uniq_urug,
          uniq_azrael

Skill      XL: |  1  2  3  4  5  6  7  8  9 10 11 12 13 14 15 |
---------------+----------------------------------------------+-----
Earth Magic    | 4 9 10 11 12 13 14 15 | 15.0
Fighting       | 1 5 6 7 8 9 |  9.6
Armour         | 1 2 3 4 5 6 7 8 |  8.0
Dodging        | 2 3 4 5 6 |  6.4
Conjurations   | 1 2 7 8 9 10 11 12 13 | 13.1
Spellcasting   | 3 7 8 9 10 11 | 11.6
Stealth        | 3 4 5 6 7 8 9 |  9.0
Fire Magic     | 2 3 5 6 |  6.1
Transmutations | |  0.7

Action                   |  1- 3 |  4- 6 |  7- 9 | 10-12 | 13-15 || total
-------------------------+-------+-------+-------+-------+-------++-------
Melee: Unarmed           |     1 |       |       |       |       ||     1
       Quarterstaff      |     5 |       |       |       |       ||     5
       Staff             |     1 |    10 |       |    12 |     3 ||    26
       Trident           |       |       |       |       |    17 ||    17
 Cast: Sandblast         |    52 |    41 |    60 |    90 |    94 ||   337
       Stone Arrow       |       |    21 |    43 |   202 |   592 ||   858
       Fireball          |       |       |       |       |     3 ||     3
       Mephitic Cloud    |       |       |       |       |     5 ||     5
Evoke: Wand              |       |    11 |       |       |     4 ||    15
  Use: Potion            |       |     2 |     3 |     2 |     4 ||    11
       Scroll            |       |     2 |     9 |    18 |     6 ||    35
Armor: Robe              |     4 |       |       |       |       ||     4
       Leather armour    |    10 |    15 |     9 |    86 |    47 ||   167
       Troll leather arm |       |       |       |       |   171 ||   171
Dodge: Dodged            |    18 |    23 |     9 |    88 |   241 ||   379
